 Dungeon Crawl Stone Soup version 0.19-a0-1672-g679cadd (webtiles) character file.

235 Amnesiac the Cudgeler (level 6, -2/53 HPs)
             Began as an Ogre Wizard on Sept 23, 2016.
             Slain by an ogre
             ... wielding a +0 giant club
              (19 damage)
             ... on level 4 of the Dungeon.
             The game lasted 00:05:59 (1258 turns).

Amnesiac the Cudgeler (Ogre Wizard)                 Turns: 1258, Time: 00:06:00

Health: -2/53      AC:  3    Str: 15    XL:     6   Next: 5%
Magic:  1/12       EV: 14    Int: 17    God:
Gold:   124        SH:  0    Dex: 10    Spells: 5 memorised, 2 levels left

rFire  . . .     SeeInvis .     o - +0 giant club
rCold  . . .     Gourm    .     a - +0 robe
rNeg   . . .     Faith    .     (shield currently unavailable)
rPois  .         Spirit   .     b - +0 hat
rElec  .         Dismiss  .     (no cloak)
rCorr  .         Reflect  .     (gloves unavailable)
MR     .....     Harm     .     (boots unavailable)
Stlth  +.........               (no amulet)
                                (no ring)
                                l - +4 ring of evasion

@: very slightly contaminated, repel missiles
A: unfitting armour, strong 1, tough skin 1
a: no special abilities


You were on level 4 of the Dungeon.
You were near starving.

You visited 1 branch of the dungeon, and saw 4 of its levels.

You collected 124 gold pieces.

Inventory:

Hand Weapons
 h - a +1 hunting sling of velocity
 o - a +0 giant club (weapon)
Missiles
 m - 16 stones (quivered)
Armour
 a - a +0 robe (worn)
 b - a +0 hat (worn)
Jewellery
 l - a +4 ring of evasion (left hand)
Scrolls
 e - a scroll of random uselessness {unknown}
 i - a scroll of teleportation {unknown}
 j - a scroll of remove curse {unknown}
Books
 c - a book of Minor Magic

   Spells                             Type                      Level
   a - Magic Dart                     Conjuration                  1
   b - Blink                          Translocation                2
   c - Call Imp                       Summoning                    2
   d - Repel Missiles                 Charms/Air                   2
   e - Slow                           Hexes                        2
   f - Conjure Flame                  Conjuration/Fire             3
   g - Mephitic Cloud                 Conjuration/Poison/Air       3
 k - a book of Flames

   Spells                             Type                      Level
   a - Flame Tongue                   Conjuration/Fire             1
   b - Throw Flame                    Conjuration/Fire             2
   c - Conjure Flame                  Conjuration/Fire             3
   d - Inner Flame                    Hexes/Fire                   3
   e - Sticky Flame                   Conjuration/Fire             4
   f - Fireball                       Conjuration/Fire             5
Comestibles
 d - a bread ration
 f - a royal jelly
 g - a beef jerky


   Skills:
 - Level 4.3 Maces & Flails
 - Level 1.7 Dodging
 - Level 1.5 Stealth
 - Level 4.0 Spellcasting
 + Level 3.2 Conjurations
 - Level 0.6 Summonings
   Level 0.6 Translocations


You had 2 spell levels left.
You knew the following spells:

 Your Spells              Type           Power        Failure   Level  Hunger
a - Repel Missiles        Chrm/Air       #.....       24%         2    ##.....
d - Call Imp              Summ           #.......     21%         2    ##.....
e - Mephitic Cloud        Conj/Pois/Air  #.......     30%         3    ###....
s - Conjure Flame         Conj/Fire      #.......     24%         3    ###....
z - Magic Dart            Conj           ##..         4%          1    None


Dungeon Overview and Level Annotations

Branches:
Dungeon (4/15)
 Temple: D:4-7

Altars:
Fedhas

Shops:
D:4 !

Annotations:
D:4 Amnesiac's ghost, amateur OgWz


Innate Abilities, Weirdness & Mutations

You are too large for most types of armour.
You have tough skin. (AC +1)
Your muscles are strong. (Str +2)


Message History

Confirm with . or Enter, or press ? or * to list all spells.
Aiming: Mephitic Cloud
Press: ? - help, Shift-Dir - straight line, f/p - ogre
Aim: an ogre, wielding a giant club (lightly wounded)
The ball explodes into a vile cloud!
The stinking cloud engulfs the ogre.
The ogre is lightly wounded.
The ogre is engulfed in noxious fumes.
The ogre appears confused.
Unknown command.
The ogre is engulfed in noxious fumes.
The ogre appears confused.
The ogre gestures wildly.
You barely miss the ogre.
The ogre is lightly wounded.
You strike the helpless ogre from behind!
You hit the ogre.
The ogre is lightly wounded.
The ogre hits you with a giant club!!
You sock the ogre!
The ogre is heavily wounded.
The ogre hits you with a giant club!!
You die...

##.......>.#.#.#####.
####.....####.##.##
#. #.............####
#. #.##.....###..# #.
#.###...## #..## #.
#.# ##.## #...#####
#. #.# #.# #.......#
#. #.#
#.#####...###S####.
#.#
#.@O.ยง.............
#.#
#######.#####.####.
#.##########.# #.# #.
#............# #.# #.
############## #.# #.
#.# #. #.. .. ### ##


You could see an ogre (confused).

Vanquished Creatures
  Menkaure (D:4)
  An ogre (D:4)
  An orc priest (D:4)
  A worm (D:2)
  An orc (D:4)
  A quokka (D:3)
  2 bats
  2 frilled lizards (D:1)
  2 goblins (D:1)
  3 rats
15 creatures vanquished.

Vanquished Creatures (collateral kills)
  A bullfrog skeleton (D:4)
  4 orcs (D:4)
5 creatures vanquished.

Grand Total: 20 creatures vanquished

Notes
Turn   | Place    | Note
-------+----------+-------------------------------------------
     0 | D:1      | Amnesiac the Ogre Wizard began the quest for the Orb.
     0 | D:1      | Reached XP level 1. HP: 16/16 MP: 5/5
   355 | D:2      | Reached XP level 2. HP: 24/24 MP: 4/7
   359 | D:2      | Learned a level 2 spell: Call Imp
   362 | D:2      | Learned a level 2 spell: Repel Missiles
   428 | D:2      | Reached skill level 1 in Conjurations
   489 | D:3      | Found a blossoming altar of Fedhas.
   538 | D:4      | Reached XP level 3. HP: 18/31 MP: 5/8
   547 | D:4      | Noticed Amnesiac's ghost (amateur OgWz)
   568 | D:4      | Learned a level 3 spell: Mephitic Cloud
   738 | D:4      | Noticed an ogre
   754 | D:4      | Killed an ogre
   754 | D:4      | Reached XP level 4. HP: 39/39 MP: 1/10
   834 | D:4      | Learned a level 3 spell: Conjure Flame
   857 | D:4      | Noticed Menkaure
   870 | D:4      | Gained mutation: Your muscles are strong. (Str +2) [potion of beneficial mutation]
   872 | D:4      | HP: 2/58 [Menkaure (9)]
   882 | D:4      | Killed Menkaure
   882 | D:4      | Reached XP level 5. HP: 12/45 MP: 7/11
   882 | D:4      | Reached XP level 6. HP: 15/53 MP: 7/12
  1180 | D:4      | Found Vituig's Distillery.
  1258 | D:4      | Slain by an ogre

Vault maps used:
D:1:      roderic_crossed_star
D:2:      elyvilon_altar_5
D:3:      kennysheep_big_flooded_room, kennysheep_cluttered_room, fedhas_altar_3
D:4:      dk_noncrumbling_3, kennysheep_small_circle, uniq_menkaure

Skill      XL: |  1  2  3  4 |
---------------+-------------+-----
Spellcasting   | 4 |  4.0
Conjurations   | 1 3 |  3.2
Maces & Flails | 4 |  4.3
Dodging        | |  1.7
Stealth        | |  1.5
Summonings     | |  0.6
Translocations | |  0.6

Action                   |  1- 3 |  4- 6 || total
-------------------------+-------+-------++-------
Melee: Club              |    16 |       ||    16
       Giant club        |       |     9 ||     9
 Cast: Magic Dart        |    28 |    11 ||    39
       Call Imp          |     5 |       ||     5
       Repel Missiles    |     1 |       ||     1
       Mephitic Cloud    |     2 |     2 ||     4
       Conjure Flame     |       |     1 ||     1
  Use: Potion            |       |     3 ||     3
 Stab: Confused          |       |     1 ||     1
Armor: Robe              |     5 |       ||     5
       Skin              |       |     9 ||     9
Dodge: Dodged            |    17 |     4 ||    21
